 Dungeon Crawl Stone Soup version 0.29.1-1-gd02db6906a (webtiles) character file.

Game seed: 4508748818299322434

95176 hilljack the Fencer (level 15, -13/186 HPs)
             Began as a Minotaur Gladiator on Sept 17, 2022.
             Was an Elder of Ignis.
             Mangled by a quicksilver ooze (20 damage)
             ... summoned by an orange crystal statue
             ... in an ice cave.
             The game lasted 01:03:09 (26571 turns).

hilljack the Fencer (Minotaur Gladiator)           Turns: 26571, Time: 01:03:10

Health: -13/186    AC:  8    Str: 21    XL:     15   Next: 65%
Magic:  0/14       EV: 28    Int:  5    God:    Ignis [****..]
Gold:   1485       SH:  0    Dex: 19    Spells: 14/14 levels left

rFire   + + .      SeeInvis .   a - +3 great sword (vamp)
rCold   + . .      Faith    .   (shield currently unavailable)
rNeg    + . .      Spirit   +   F - +1 robe of Vines {NoPotionHeal Regen++++}
rPois   .          Reflect  .   c - +1 hat
rElec   .          Harm     .   i - scarf {rC+ rF+}
rCorr   .          Rampage  .   R - +1 pair of gloves
Will    +....                   A - +1 pair of boots
Stlth   ..........              o - amulet "Agymudub" {Spirit Regen+ Dex+2 Stlth+}
HPRegen 4.41/turn               w - +4 ring of evasion
MPRegen 0.14/turn               x - ring of positive energy

@: berserking, engulfed (cannot breathe), very quick
A: horns 2, retaliatory headbutt
a: Renounce Religion, Fiery Armour, Foxfire Swarm, Rising Flame


You were in an ice cave.
You worshipped Ignis.
Ignis was greatly pleased with you.
You visited 4 branches of the dungeon, and saw 22 of its levels.
You also visited: Ossuary, Gauntlet, Ice Cave and Volcano.

You collected 3013 gold pieces.
You spent 1528 gold pieces at shops.

Inventory:

Hand Weapons
 a - a +3 vampiric great sword (weapon)
 b - a +3 longbow of venom
 d - a +2 scimitar of flaming
Armour
 c - a +1 hat (worn)
 i - a scarf of resistance (worn)
 r - a +1 robe of resistance
 A - a +1 pair of boots (worn)
 F - the +1 robe of Vines (worn) {NoPotionHeal Regen++++}
   (You found it in a Gauntlet)

   Its wearer cannot be healed by potions.
   Regen:     It increases your rate of health regeneration.
 R - a +1 pair of gloves (worn)
Jewellery
 o - the amulet "Agymudub" (around neck) {Spirit Regen+ Dex+2 Stlth+}
   (You bought it in a shop on level 7 of the Dungeon)

   [amulet of guardian spirit]

   It causes incoming damage to be divided between your reserves of health and
   magic.
   Dex:       It affects your dexterity (+2).
   Regen:     It increases your rate of health regeneration.
   Stlth:     It makes you more stealthy.
 w - a +4 ring of evasion (left hand)
 x - a ring of positive energy (right hand)
 N - a ring of flight
 P - a +6 ring of dexterity
Wands
 k - a wand of roots (13)
 z - a wand of mindburst (3)
 C - a wand of polymorph (6)
 J - a wand of charming (32)
 K - a wand of flame (48) (quivered)
 M - a wand of digging (6)
 Q - a wand of quicksilver (8)
Scrolls
 h - 8 scrolls of teleportation
 m - a scroll of vulnerability
 t - 2 scrolls of blinking
 u - a scroll of silence
 v - 4 scrolls of fear
 y - 7 scrolls of fog
 L - 2 scrolls of magic mapping
 O - a scroll of identify
 S - 3 scrolls of immolation
 V - a scroll of enchant armour
 W - 3 scrolls of poison
Potions
 e - a potion of invisibility
 f - 7 potions of lignification
 g - 2 potions of heal wounds
 j - 2 potions of resistance
 l - 6 potions of curing
 n - 5 potions of attraction
 p - a potion of magic
 q - 2 potions of ambrosia
 s - 5 potions of haste
 B - 2 potions of cancellation
 D - 2 potions of mutation
 E - 3 potions of might
 G - a potion of berserk rage
 T - a potion of brilliance
Miscellaneous
 U - a tin of tremorstones (2/2)


   Skills:
 - Level 9.0 Fighting
 + Level 18.6 Long Blades
 + Level 16.2 Ranged Weapons
 - Level 2.0 Throwing
 - Level 5.0 Armour
 + Level 17.1 Dodging


You had 14 spell levels left.
You didn't know any spells.
Your spell library contained the following spells:

 Spells                   Type           Power      Damage    Failure   Level
 Beastly Appendage        Tmut           0%         N/A       47%         1
 Magic Dart               Conj           0%         1d3       47%         1
 Necrotise                Necr           0%         1d4       47%         1
 Sandblast                Erth           0%         2d4       47%         1
 Passwall                 Tmut/Erth      0%         N/A       63%         2
 Searing Ray              Conj           0%         2d4       63%         2
 Static Discharge         Conj/Air       0%         3-3/arc   63%         2
 Wereblood                Tmut           0%         N/A       63%         2
 Dazzling Flash           Conj/Hex       0%         N/A       85%         3
 Spider Form              Tmut/Pois      0%         N/A       85%         3
 Stone Arrow              Conj/Erth      0%         3d7       85%         3
 Tukima's Dance           Hex            0%         N/A       85%         3
 Vampiric Draining        Necr           0%         2d6       85%         3
 Fulminant Prism          Conj/Hex       0%         3d6       99%         4
 Passage of Golubria      Tloc           0%         N/A       99%         4
 Petrify                  Tmut/Erth      0%         N/A       99%         4
 Agony                    Necr           0%         N/A       100%        5
 Lightning Bolt           Conj/Air       0%         1d11      100%        5
 Metabolic Englaciation   Hex/Ice        0%         N/A       100%        5
 Yara's Violent Unravell  Hex/Tmut       0%         3d3       100%        5
 Iron Shot                Conj/Erth      0%         9d1       100%        6
 Starburst                Conj/Fire      0%         6d3       100%        6
 Statue Form              Tmut/Erth      0%         N/A       100%        6
 Maxwell's Capacitive Co  Air            0%         ∞         100%        8
 Summon Horrible Things   Summ           0%         N/A       100%        8


Dungeon Overview and Level Annotations

Branches:
Dungeon (14/15)            Temple (1/1) D:5            Lair (5/5) D:11
  Swamp (0/4) Lair:2       Spider (0/4) Lair:3        Slime (0/5) Lair:4
    Orc (2/2) D:9             Elf (0/3) Orc:2        Vaults (0/5) D:13
Ossuary (visited)           IceCv (1/1)             Volcano (visited)
Gauntlet (visited)

Altars:
Ashenzari
Cheibriados
Dithmenos
Elyvilon
Fedhas
Gozag
Hepliaklqana
Kikubaaqudgha
Makhleb
Nemelex Xobeh
Okawaru
Qazlal
Ru
Sif Muna
Trog
Uskayaw
Vehumet
Wu Jian
Xom
Yredelemnul
Zin
The Shining One
Ignis

Shops:
D:1 [   D:5 (   D:7 ==(   Orc:2 **!![

Annotations:
D:5 1 runed translucent door, masschaos23's ghost, novice HOFi
D:8 2 transporters, LustLizard's ghost, novice TrFi
D:10 2 transporters, Econoterrorist's ghost, journeyman GrFi
D:13 1 transporter IceCv exclusion: orange crystal statue


Innate Abilities, Weirdness & Mutations

You have a pair of horns on your head.
You reflexively headbutt those who attack you in melee.


Message History

The slime creature is moderately wounded.
* * * LOW HITPOINT WARNING * * *
Your lungs strain for air!
The quicksilver ooze completely misses you.
The quicksilver ooze closely misses you.
The slime creature closely misses you. You furiously retaliate!
You headbutt the slime creature! You slice the slime creature!!
You kill the slime creature!
The slime creature dissolves into shadows!
* * * LOW HITPOINT WARNING * * *
Your lungs strain for air!
The quicksilver ooze misses you. x2; The quicksilver ooze hits you!
* * * LOW HITPOINT WARNING * * *
The quicksilver ooze hits you but does no damage.
You slash the quicksilver ooze!
You headbutt the quicksilver ooze, but do no damage.
The quicksilver ooze is moderately wounded.
* * * LOW HITPOINT WARNING * * *
Your lungs strain for air!
The quicksilver ooze barely misses you. You furiously retaliate!
You headbutt the quicksilver ooze.
The quicksilver ooze closely misses you.
You slash the quicksilver ooze!
The quicksilver ooze is heavily wounded.
* * * LOW HITPOINT WARNING * * *
Your lungs strain for air!
The quicksilver ooze hits you.
* * * LOW HITPOINT WARNING * * *
The quicksilver ooze misses you.
You cannot read scrolls while unable to breathe!
Unknown command.
You cannot read scrolls while unable to breathe!
A red film seems to cover your vision as you go berserk!
You feel yourself moving faster!
You feel mighty!
* * * LOW HITPOINT WARNING * * *
Your lungs strain for air!
The quicksilver ooze closely misses you.
The quicksilver ooze misses you. The quicksilver ooze hits you!!
You die...

##..#
#..## #..#
##..#
#..## ###
#.J#
##.####.##
#...##..#
#@∩.....#
#.J.##..#
##.####.#
### #..#
#..# ##.#
.. ..#


You could see a quicksilver ooze (summoned).

Vanquished Creatures
  An ironbound preserver (D:13)
  A red draconian (Volcano)
  A minotaur (Gauntlet)
  2 rakshasas
  Erolcha (D:9)
  4 hydras
  An alligator (Lair:5)
  4 centaur warriors (D:13)
  5 two-headed ogres
  A tengu warrior (D:9)
  2 orc high priests (Orc:2)
  A spriggan (Lair:5)
  A salamander mystic (Volcano)
  A skeletal warrior (D:13)
  4 orc knights (Orc:2)
  3 wolf spiders
  A deep elf pyromancer (D:13)
  2 manticores
  An oklob plant (D:11)
  3 cyclopes
  5 salamanders (Volcano)
  3 ugly things
  4 orc sorcerers
  A moth of wrath (Gauntlet)
  7 black mambas
  9 elephants
  A guardian serpent (Lair:5)
  A torpor snail (Lair:5)
  An ice statue (Gauntlet)
  5 rime drakes
  2 gargoyles (D:13)
  4 komodo dragons
  15 cane toads
  Maggie (D:7)
  2 unseen horrors
  Psyche (D:9)
  An ice devil (Gauntlet)
  An efreet (D:13)
  A hellwing (Gauntlet)
  14 polar bears
  3 trolls
  6 hornets
  6 blink frogs
  A raiju (Lair:5)
  8 slime creatures
  2 water elementals (D:13)
  A vampire (D:7)
  A jumping spider (shapeshifter) (D:14)
  3 shadows
  24 yaks
  6 basilisks
  3 wraiths
  Eustachio (D:5)
  15 wyverns
  4 steam dragons
  10 vampire mosquitoes
  7 redbacks
  8 wargs
  6 acid dragons
  14 hell hounds (Lair:5)
  18 water moccasins
  A swamp drake (D:9)
  18 orc warriors
  A sky beast (D:6)
  2 ice beasts (D:6)
  12 black bears
  A great orb of eyes simulacrum (IceCv)
  61 wolves
  2 ogres
  3 centaurs
  2 phantoms (D:5)
  2 kobold brigands
  9 bullfrogs
  3 gnoll sergeants
  2 glowing shapeshifter simulacra (IceCv)
  10 scorpions
  14 wights
  7 electric eels
  3 howler monkeys
  3 hounds
  2 jellies
  3 gnoll boudas
  12 orc priests
  A human zombie (Ossuary)
  4 iguanas
  17 orc wizards
  2 scorpion zombies (Ossuary)
  5 mummies
  22 gnolls
  2 adders (D:3)
  2 shadow imps (D:5)
  3 white imps
  2 worms
  3 dart slugs (D:1)
  60 orcs
  A ball python (D:3)
  A bat (D:1)
  3 endoplasms
  2 giant cockroaches (D:1)
  7 hobgoblins
  2 jackals (D:4)
  19 kobolds
  7 quokkas
  3 training dummies (D:5)
  2 frilled lizards
  2 gnoll zombies (Ossuary)
  A goblin (D:1)
  3 goblin zombies (Ossuary)
  3 hobgoblin zombies
  2 kobold zombies
  An orc zombie (Ossuary)
  5 rats
626 creatures vanquished.

Vanquished Creatures (others)
  A blizzard demon (Gauntlet)
  An orc high priest (Orc:2)
  A bullfrog (Lair:4)
  4 foxfires (D:9)
  19 fungi
  60 plants
86 creatures vanquished.

Grand Total: 712 creatures vanquished

Notes
Turn   | Place    | Note
-------+----------+-------------------------------------------
     0 | D:1      | hilljack the Minotaur Gladiator began the quest for the
                  | Orb.
     0 | D:1      | Reached XP level 1. HP: 18/18 MP: 0/0
    94 | D:1      | Reached XP level 2. HP: 21/25 MP: 1/1
   348 | D:1      | Reached skill level 4 in Long Blades
   549 | D:1      | Found a faded altar of an unknown god.
   827 | D:1      | Found Yrphiarr's Antique Armour Boutique.
   972 | D:1      | Prayed at the altar of an unknown god.
   972 | D:1      | Became a worshipper of Ignis, the Dying Flame
  1065 | D:2      | Reached XP level 3. HP: 30/31 MP: 2/2
  2125 | D:3      | Found a faded altar of an unknown god.
  2128 | D:3      | Found a hide-covered altar of Uskayaw.
  2237 | D:3      | Found a stormy altar of Qazlal.
  2237 | D:3      | Found a radiant altar of Vehumet.
  2237 | D:3      | Found a broken altar of Ashenzari.
  2237 | D:3      | Found a glowing silver altar of Zin.
  2250 | D:3      | Reached XP level 4. HP: 39/39 MP: 3/3
  2250 | D:3      | Found a shimmering altar of Xom.
  2250 | D:3      | Found a sacrificial altar of Ru.
  2320 | D:4      | Noticed an ogre
  2480 | D:4      | Noticed a black bear
  2487 | D:3      | Killed a black bear
  2488 | D:3      | Reached skill level 5 in Long Blades
  2488 | D:3      | Reached XP level 5. HP: 27/46 MP: 4/4
  2878 | D:4      | Killed an ogre
  2879 | D:4      | Reached skill level 1 in Armour
  2900 | D:4      | Reached skill level 5 in Dodging
  2900 | D:4      | Reached XP level 6. HP: 15/53 MP: 5/5
  3541 | D:5      | Entered Level 5 of the Dungeon
  3624 | D:5      | Found an ancient bone altar of Kikubaaqudgha.
  3679 | D:5      | Reached skill level 5 in Fighting
  3696 | D:5      | Reached skill level 6 in Long Blades
  3718 | D:5      | Reached XP level 7. HP: 57/61 MP: 6/6
  3761 | D:5      | Noticed Eustachio
  4104 | D:5      | Found a staircase to the Ecumenical Temple.
  4114 | Temple   | Entered the Ecumenical Temple
  4402 | D:5      | Found a runed translucent door.
  4402 | D:5      | Found Lickisao's Firing Range.
  4435 | D:5      | Noticed masschaos23's ghost (novice HOFi)
  4541 | D:5      | Bought a +0 longbow for 78 gold pieces
  4576 | D:5      | Killed Eustachio
  4577 | D:5      | Reached skill level 1 in Ranged Weapons
  5124 | D:6      | Reached XP level 8. HP: 70/70 MP: 7/7
  5435 | D:6      | Reached skill level 7 in Long Blades
  6000 | D:6      | Reached skill level 5 in Armour
  6681 | D:7      | Found Etadghax's Antique Weapon Boutique.
  6749 | D:7      | Found a snail-covered altar of Cheibriados.
  6989 | D:7      | Reached skill level 8 in Long Blades
  6989 | D:7      | Reached XP level 9. HP: 77/79 MP: 8/8
  7056 | D:7      | Noticed Maggie
  7062 | D:7      | Killed Maggie
  7432 | D:7      | Found Toimosim's Jewellery Shoppe.
  7453 | D:7      | Found Paxzoy's Jewellery Emporium.
  7738 | D:7      | Reached skill level 5 in Ranged Weapons
  8101 | D:8      | Reached skill level 9 in Long Blades
  8135 | D:8      | Found a sand-covered staircase.
  8140 | Ossuary  | Entered an ossuary
  9109 | D:8      | Found a large runed translucent door.
  9110 | D:8      | Found a large runed translucent door.
  9167 | D:8      | Found a transporter.
  9167 | D:8      | Found a transporter.
  9256 | D:8      | Noticed LustLizard's ghost (novice TrFi)
  9289 | D:8      | Reached XP level 10. HP: 68/88 MP: 9/9
  9582 | D:8      | Found a blossoming altar of Fedhas.
  9756 | D:8      | Found an iron altar of Okawaru.
  9779 | D:9      | Noticed a two-headed ogre
  9893 | D:8      | Killed a two-headed ogre
  9894 | D:8      | Reached skill level 10 in Long Blades
 10170 | D:9      | Noticed Erolcha
 10771 | D:9      | Found a staircase to the Orcish Mines.
 11104 | D:9      | Reached skill level 10 in Dodging
 11222 | D:9      | Found a basalt altar of Yredelemnul.
 11349 | D:9      | Noticed Psyche
 11364 | D:9      | Killed Psyche
 11365 | D:9      | Reached skill level 11 in Long Blades
 11551 | D:9      | Noticed a rakshasa
 11551 | D:9      | Noticed a tengu warrior
 11552 | D:9      | Noticed a six-headed hydra
 11574 | D:9      | Killed Erolcha
 11747 | D:9      | Killed a tengu warrior
 11748 | D:9      | Reached XP level 11. HP: 79/94 MP: 10/10
 12419 | Orc:1    | Entered Level 1 of the Orcish Mines
 13513 | D:7      | Bought the amulet "Agymudub" {Spirit Regen+ Dex+2 Stlth+}
                  | for 616 gold pieces
 13665 | D:7      | Found an opulent altar of Gozag.
 13704 | D:7      | Found a shimmering blue altar of Sif Muna.
 13886 | D:10     | Entered Level 10 of the Dungeon
 13896 | D:10     | Found a transporter.
 13897 | D:10     | Noticed Econoterrorist's ghost (journeyman GrFi)
 13973 | D:10     | Noticed a two-headed ogre
 13982 | D:10     | Killed a two-headed ogre
 14045 | D:10     | Noticed a two-headed ogre
 14078 | D:9      | Reached skill level 12 in Long Blades
 14167 | D:8      | Killed a two-headed ogre
 14338 | D:10     | Found a transporter.
 15022 | D:11     | Noticed an oklob plant
 15031 | D:11     | Killed an oklob plant
 15032 | D:11     | Reached skill level 10 in Ranged Weapons
 15096 | D:11     | Found a staircase to the Lair.
 15617 | D:12     | Noticed a boulder beetle
 15718 | D:9      | Killed a rakshasa
 15719 | D:9      | Reached skill level 13 in Long Blades
 15995 | Orc:1    | Noticed an orc sorcerer
 15998 | Orc:1    | Noticed a sun demon
 16002 | Orc:1    | Noticed a sixfirhy
 16009 | Orc:1    | Killed an orc sorcerer
 16015 | Orc:1    | Reached XP level 12. HP: 29/101 MP: 4/11
 16252 | Orc:2    | Entered Level 2 of the Orcish Mines
 16274 | Orc:2    | Found a gate leading to a gauntlet.
 16288 | Gauntlet | Entered a Gauntlet
 16288 | Gauntlet | Found a transporter.
 16296 | Gauntlet | Found a runed translucent door.
 16299 | Gauntlet | Found a transporter.
 16300 | Gauntlet | Found a transporter.
 16301 | Gauntlet | Found a transporter.
 16309 | Gauntlet | Found a transporter.
 16312 | Gauntlet | Found a transporter.
 16314 | Gauntlet | Found a transporter.
 16322 | Gauntlet | Found a transporter.
 16325 | Gauntlet | Found a transporter.
 16326 | Gauntlet | Found a transporter.
 16333 | Gauntlet | Noticed a blizzard demon
 16334 | Gauntlet | Found a transporter.
 16337 | Gauntlet | Found a transporter.
 16338 | Gauntlet | Found a transporter.
 16342 | Gauntlet | Noticed a reaper
 16346 | Gauntlet | Found a transporter.
 16677 | Gauntlet | Killed a blizzard demon
 16826 | Gauntlet | Found the +1 robe of Vines {NoPotionHeal Regen++++}
 16826 | Gauntlet | Noticed a minotaur
 16839 | Gauntlet | Killed a minotaur
 16841 | Gauntlet | Got the Catalogue of Formation and Blasts
 16996 | Orc:2    | Found a staircase to the Elven Halls.
 17170 | Orc:2    | Reached skill level 14 in Long Blades
 17190 | Orc:2    | Found Nebodiqo's Armour Shop.
 17465 | Orc:2    | Noticed an orc high priest
 17470 | Orc:2    | Killed an orc high priest
 17482 | Orc:2    | Noticed an orc high priest
 17722 | Orc:2    | Noticed an orc high priest
 17839 | Orc:2    | Paralysed by an orc sorcerer for 2 turns
 17845 | Orc:2    | Killed an orc high priest
 17858 | Orc:2    | Killed an orc high priest
 17864 | Orc:2    | Found Nutynnai's Distillery.
 17864 | Orc:2    | Found Oklaji's General Store.
 17867 | Orc:2    | Found Ozek's Distillery.
 17867 | Orc:2    | Found Uhoused's General Store.
 17881 | Orc:2    | Bought a potion of experience for 600 gold pieces
 17881 | Orc:2    | Reached skill level 15 in Long Blades
 17881 | Orc:2    | Reached XP level 13. HP: 111/111 MP: 12/12
 17959 | Orc:2    | Bought a potion of resistance for 130 gold pieces
 17959 | Orc:2    | Bought a potion of cancellation for 104 gold pieces
 18179 | Lair:1   | Entered Level 1 of the Lair of Beasts
 18238 | Lair:1   | Found a dark tunnel.
 18253 | Volcano  | Entered a volcano
 18354 | Volcano  | Noticed a red draconian
 18413 | Volcano  | Killed a red draconian
 18580 | Volcano  | Reached XP level 14. HP: 106/118 MP: 7/13
 20040 | Lair:2   | Found a staircase to the Swamp.
 20684 | Lair:3   | Reached skill level 16 in Long Blades
 20965 | Lair:3   | Reached skill level 15 in Dodging
 21338 | Lair:3   | Found a hole to the Spider Nest.
 21753 | Lair:4   | Found a staircase to the Slime Pits.
 22480 | Lair:5   | Entered Level 5 of the Lair of Beasts
 22593 | Lair:5   | Paralysed by a hornet for 3 turns
 22723 | Lair:5   | Paralysed by a hornet for 2 turns
 22736 | Lair:5   | Reached skill level 17 in Long Blades
 23044 | Lair:5   | Reached skill level 15 in Ranged Weapons
 23289 | Lair:5   | Reached XP level 15. HP: 124/124 MP: 14/14
 23826 | Lair:5   | Reached skill level 18 in Long Blades
 25117 | D:13     | Found a gate to the Vaults.
 25314 | D:13     | Found a transporter.
 25711 | D:13     | HP: 5/124 [rakshasa (illusionary)/+0 trident (5)]
 26254 | D:14     | Found a frozen archway.
 26262 | IceCv    | Entered an ice cave
 26540 | IceCv    | Noticed an azure jelly
 26570 | IceCv    | HP: 4/124 [drowned by a quicksilver ooze[an orange crystal
                  | statue] (6)]
 26571 | IceCv    | Mangled by a quicksilver ooze

Illustrated notes

Levels and vault maps discovered:
D:1:      lemuel_arrival_river_bridge, layout_loops_ring,
          hellmonk_ecumenical_altar_arch_garden, serial_shops,
          nicolae_shop_waterfront, minmay_heptomino_o4
D:2:      layout_loops_ring
D:3:      layout_rooms, nicolae_overflow_ecumenical_swirl,
          minmay_overflow_temple_hex
D:4:      layout_loops_ring, st_stairs_10
D:5:      layout_rooms, mainiacjoe_overflow_brackets,
          minmay_temple_entry_nine_rooms, gammafunk_ghost_grave,
          nicolae_shop_firing_range, uniq_eustachio
D:6:      layout_gridville
D:7:      layout_rooms, nicolae_gozag_seed_capital, lemuel_blue_sif_altar,
          slow_altar_2, serial_shops, nicolae_shop_behind_doors,
          nicolae_shop_temple_entry_statues_fountains, shop_fountains,
          uniq_maggie
D:8:      layout_basic, jmf_multi_god_temple2, nicolae_ossuary_entry_giza,
          nzn_ghost_randoct, minmay_misc_feat_tiny
D:9:      layout_loops_ring, lemuel_coloured_pillars_altar, erik_orc_1,
          grunt_tough_drop, uniq_psyche, uniq_erolcha
D:10:     layout_rooms, gammafunk_ghost_arena
D:11:     layout_loops_ring, dpeg_oklobed_lair
D:12:     layout_gridville
D:13:     layout_rooms, skrybe_vaults_entry_preservation, serial_bayou,
          serial_bayou_pond_d, serial_bayou_lagoon_b, serial_bayou_pond_b,
          serial_bayou_lake_a, nicolae_diode_basic
D:14:     layout_basic, gammafunk_ghost_hive, serial_shops, shop, shop_statue,
          serial_bayou_pond_d, portal_ice_cave_entry_pillars_three,
          grunt_ministairs_9, lemuel_flamethrower_1
Temple:   nicolae_temple_colour_theory
Lair:1:   layout_cave_pods, enter_volcano_2
Lair:2:   layout_small_grid, minmay_swamp_entry_reptiles, grunt_megastairs_3,
          serial_bayou_shore_b
Lair:3:   layout_regular_city, spider_nest_entry_funnel_web
Lair:4:   layout_gridlike, slime_entry_1, serial_bayou_pond_b,
          nicolae_quartered_pool_super, cheibrodos_lair_lostbears,
          infiniplex_staircase_pool, lemuel_fruit_fields
Lair:5:   hangedman_lair_caniforms_friends, layout_cave_shapes,
          hangedman_lair_tendril_chambers, chequers_serial_rivers_micro_b,
          grunt_forest_large_clearings
Orc:1:    layout_caves, mines1_david
Orc:2:    grunt_orc_tribal_feast, layout_caves, gauntlet_entry_generic,
          serial_shops, shop
IceCv:    ice_cave_hellmonk_azure_passage

Skill      XL: |  1  2  3  4  5  6  7  8  9 10 11 12 13 14 15 |
---------------+----------------------------------------------+-----
Long Blades    | 4 5 6 8 9 11 13 15 17 18 | 18.6
Fighting       | 3 4 5 6 7 8 9 |  9.0
Dodging        | 4 5 6 7 8 10 12 14 16 17 | 17.1
Armour         | 1 2 4 5 |  5.0
Ranged Weapons | 1 4 6 8 10 12 13 15 16 | 16.2
Throwing       | |  2.0

Action                   |  1- 3 |  4- 6 |  7- 9 | 10-12 | 13-15 || total
-------------------------+-------+-------+-------+-------+-------++-------
Melee: Long sword        |    80 |    53 |   146 |       |       ||   279
       Headbutt          |    14 |     8 |    74 |    98 |   179 ||   373
       Short sword       |       |       |    10 |       |       ||    10
       Great sword       |       |       |   135 |   469 |   713 ||  1317
       Scimitar          |       |       |       |       |     5 ||     5
 Fire: Longbow           |       |       |    51 |   140 |   459 ||   650
Throw: Javelin           |       |       |     6 |     5 |       ||    11
Invok: Foxfire Swarm     |       |       |       |     1 |       ||     1
       Fiery Armour      |       |       |       |     1 |       ||     1
Evoke: Wand              |       |       |     6 |    19 |       ||    25
  Use: Scroll            |       |     1 |    19 |    17 |     8 ||    45
       Potion            |       |     1 |       |     8 |     3 ||    12
 Stab: Sleeping          |       |       |     2 |     3 |       ||     5
       Invisible         |       |       |       |     1 |       ||     1
       Distracted        |       |       |       |       |     2 ||     2
Armor: Leather armour    |    19 |     4 |    19 |       |       ||    42
       Skin              |       |     7 |       |       |       ||     7
       Steam dragon scal |       |       |    41 |    63 |       ||   104
       Robe              |       |       |       |    10 |   112 ||   122
Dodge: Dodged            |    52 |    40 |   306 |   600 |  1281 ||  2279
